Description

This Build Order is a 2-base 7 Gate robo on one gas. Really strong and easy build order.

VOD

https://youtu.be/USWjagCQMS8

Replay - IIIIIIIIIIII v Protossed - Romanticide LE

Build Order

Get SALT Encoding   

  12  0:00  Probe  
  13  0:12  Probe  
  14  0:20  Pylon  
  14  0:24  Probe (Chrono Boost)  
  15  0:37  Probe (Chrono Boost)  
  15  0:41  Gateway  
  16  0:46  Probe  
  16  0:47  Assimilator  
  17  0:58  Probe (Chrono Boost)  
  17  0:59  Pylon  
  18  1:10  Probe (Chrono Boost)  
  19  1:16  Probe (Chrono Boost)  
  20  1:28  Nexus  
  20  1:37  Cybernetics Core  
  20  1:40  Probe  
  21  1:52  Probe  
  22  1:54  Pylon  
  23  2:10  Warp Gate (Chrono Boost), Stalker (Chrono Boost)  
  27  2:32  Gateway  
  27  2:33  Adept  
  29  2:43  Robotics Facility  
  31  2:57  Gateway  
  34  3:10  Gateway x2  
  34  3:25  Gateway  
  34  3:28  Warp Prism (Chrono Boost)  
  36  3:38  Gateway  
  36  3:47  Pylon  
  36  3:52  Stalker x2  
  40  3:57  Stalker  
  42  4:04  Pylon  
  42  4:18  Stalker x2  
  42  4:19  Zealot x2  
  50  4:36  Zealot x3  
  52  4:45  Zealot x4  
  56  4:50  Stalker  
  52  5:03  Zealot  
  56  5:18  Stalker x2  
  58  5:35  Stalker  
Spawning Tool Build Advisor. Get it on Overwolf

Go to:

Details

  • Created by: zuka      
  • Published on: Jul 10, 2021
  • Patch: 4.11.0
  • Difficulty: Easy
Show
View Real Time Build Order
Export as new Build Order

Comments (1)

On Oct. 9, 2021, 10:52 a.m., Kinpach  said:

real imba

Create an account to comment!